[Event "Early-Titled-Tuesday-Blitz-January-16-2024"]
[Site "Chess.com"]
[Date "2024.01.16"]
[Round "7"]
[White "NovozhilovSemen"]
[Black "jcibarra"]
[Result "0-1"]
[WhiteElo "2668"]
[BlackElo "2867"]
[TimeControl "180+1"]
[EndTime "9:21:40 PST"]
[Termination "jcibarra won by resignation"]

1. d4 Nf6 2. Nf3 d6 3. Nc3 Bf5 4. Nh4 Bd7 5. e4 e5 6. Nf3 exd4 7. Nxd4 g6 8. Be3 Bg7 9. Qd2 Ng4 10. Bg5 f6 11. Bh4 Nc6 12. Nxc6 bxc6 13. h3 Ne5 14. f4 Nf7 15. Bc4 Qe7 16. O-O O-O 17. Rad1 Qe8 18. Rfe1 Kh8 19. Ba6 Rb8 20. b3 g5 21. Bf2 gxf4 22.
Qxf4 Ne5 23. Bf1 Qg6 24. Bxa7 Rbe8 25. Kh2 f5 26. Qg3 Ng4+ 27. Kh1 Be5 28. Qd3 fxe4 29. Nxe4 Bf5 30. hxg4 Bxg4 31. g3 d5 32. Nf2 Bf3+ 33. Qxf3 Rxf3 34. Rxe5 Rxe5 35. Bd4 Qxg3 36. Re1 Qh4+ 37.
Kg1 Qxd4 0-1

[Event "Early-Titled-Tuesday-Blitz-January-16-2024"]
[Site "Chess.com"]
[Date "2024.01.16"]
[Round "7"]
[White "Roman_Ovetchkin"]
[Black "Grandelicious"]
[Result "0-1"]
[WhiteElo "2659"]
[BlackElo "2923"]
[TimeControl "180+1"]
[EndTime "9:21:40 PST"]
[Termination "Grandelicious won by resignation"]

1. d4 d6 2. e4 Nf6 3. Nc3 a6 4. f4 d5 5. e5 Ne4 6. Nxe4 dxe4 7. Be3 h5 8. Ne2 h4 9. c4 Bf5 10. Nc3 e6 11. a3 Nd7 12. Be2 g5 13. fxg5 Be7 14.
Qd2 Rg8 15. g4 hxg3 16. h4 Rh8 17. O-O-O c5 18. Rdg1 cxd4 19. Bxd4 Nc5 20. Bxc5 Qxd2+ 21. Kxd2 Bxc5 22. Rxg3 Bf2 23. Rg2 O-O-O+ 24. Kc1 Rxh4 25. Rxh4 Bxh4 26. Bh5 e3 27. Bxf7 Be1 28. g6 Bd2+ 0-1

[Event "Early-Titled-Tuesday-Blitz-January-16-2024"]
[Site "Chess.com"]
[Date "2024.01.16"]
[Round "7"]
[White "campochess"]
[Black "stollenmonster"]
[Result "0-1"]
[WhiteElo "2155"]
[BlackElo "2891"]
[TimeControl "180+1"]
[EndTime "9:21:41 PST"]
[Termination "stollenmonster won by resignation"]

1. Nc3 c5 2. e4 Nc6 3. Nf3 e5 4. Bc4 d6 5. d3 h6 6. h3 g6 7.
a3 Bg7 8. O-O Nge7 9. Rb1 O-O 10. b4 Kh7 11. b5 Nd4 12. Nxd4 exd4 13. Ne2 d5 14. exd5 Nxd5 15. Bd2 b6 16. Re1 Bb7 17. Ng3 Qd7 18. Qg4 f5 19. Qd1 f4 20.
Ne4 f3 21. Ng3 fxg2 22. Qg4 Rad8 23. Qxd7 Rxd7 24. Re6 Nf4 25. Bxf4 Rxf4 26. Rbe1 Bf6 27. Ne4 Bh4 28. Re2 Rdf7 29. Re8 Bxe4 30. Bxf7 Bf3 31. R2e4 Bxf2+ 32. Kxf2 Bxe4+ 33. Ke2 Rxf7 0-1

[Event "Early-Titled-Tuesday-Blitz-January-16-2024"]
[Site "Chess.com"]
[Date "2024.01.16"]
[Round "7"]
[White "MdChess1734"]
[Black "FARIZA2018"]
[Result "0-1"]
[WhiteElo "2404"]
[BlackElo "2507"]
[TimeControl "180+1"]
[EndTime "9:21:41 PST"]
[Termination "FARIZA2018 won by resignation"]

1. e4 e5 2. Nf3 Nc6 3. Bb5 a6 4. Ba4 Nf6 5. O-O Be7 6. Re1 b5 7. Bb3 d6 8. c3 O-O 9. d4 Bg4 10. Be3 Re8 11. h3 Bh5 12. Nbd2 exd4 13. cxd4 Na5 14. Bc2 c5 15. b3 Nc6 16. g4 Bg6 17. d5 Nb4 18. Bb1 c4 19. a3 Nd3 20. Bxd3 cxd3 21. Bd4 Bf8 22. Bxf6 Qxf6 23. Re3 Rac8 24.
Qf1 Rc3 25. Rae1 Qf4 26. Rxd3 Rc2 27. Rde3 h5 28. Qd3 Rec8 29. Nd4 R2c3 30. Qxc3 Rxc3 31.
Rxc3 Qxd2 0-1

[Event "Early-Titled-Tuesday-Blitz-January-16-2024"]
[Site "Chess.com"]
[Date "2024.01.16"]
[Round "7"]
[White "Russian_berezka"]
[Black "Byniolus"]
[Result "1-0"]
[WhiteElo "2577"]
[BlackElo "2751"]
[TimeControl "180+1"]
[EndTime "9:21:44 PST"]
[Termination "Russian_berezka won by resignation"]

1. d4 d6 2. Nc3 Nf6 3. Bf4 c6 4. e4 Qb6 5. Rb1 e5 6. dxe5 dxe5 7. Bxe5 Nbd7 8. Bd4 Bc5 9. Nf3 O-O 10. Bc4 Qb4 11.
Bb3 Nxe4 12. a3 Qa5 13. O-O Bxd4 14. Qxd4 Nxc3 15. bxc3 Nf6 16. Rfe1 Bg4 17. Ne5 Bh5 18.
Nd7 Nxd7 19. Qxd7 Rab8 20. c4 Qxa3 21. Re5 Bg6 22. c5 Rfd8 23. Qc7 Qb2 24. Rbe1 Qd4 25. Qxb8 1-0

[Event "Early-Titled-Tuesday-Blitz-January-16-2024"]
[Site "Chess.com"]
[Date "2024.01.16"]
[Round "7"]
[White "PapaieDudu"]
[Black "LeoWin2012"]
[Result "0-1"]
[WhiteElo "2393"]
[BlackElo "2251"]
[TimeControl "180+1"]
[EndTime "9:21:44 PST"]
[Termination "LeoWin2012 won by checkmate"]

1. e4 e6 2. Nf3 d5 3. e5 c5 4. Be2 Nc6 5. O-O Nge7 6. c3 Nf5 7. d4 cxd4 8. cxd4 Qb6 9. Be3 Nxe3 10. fxe3 Qxb2 11. Nbd2 Qc3 12. Rc1 Qxe3+ 13. Kh1 Be7 14. Ne1 O-O 15. Nb3 Qh6 16. Rc3 g6 17. Rh3 Qg7 18.
Nd3 f6 19. Rf4 fxe5 20. Rg4 exd4 21. Nf4 e5 22. Nh5 Qf7 23. Rf3 Bf5 24. Rgg3 Kh8 25. Nc5 Bxc5 26. Bd3 Qe6 27. Qc1 e4 28. Qh6 Rf7 29.
Nf4 Qe8 30. Nh5 exf3 31. Bxf5 Qe1# 0-1

[Event "Early-Titled-Tuesday-Blitz-January-16-2024"]
[Site "Chess.com"]
[Date "2024.01.16"]
[Round "7"]
[White "lasRojas"]
[Black "m_ezat"]
[Result "1-0"]
[WhiteElo "2416"]
[BlackElo "2454"]
[TimeControl "180+1"]
[EndTime "9:21:44 PST"]
[Termination "lasRojas won by checkmate"]

1. e4 e5 2. Nf3 Nc6 3. d4 exd4 4. Nxd4 Qh4 5. Nc3 Bb4 6. Be2 Bxc3+ 7. bxc3 Qxe4 8. O-O Nxd4 9. cxd4 Nf6 10. Bf3 Qh4 11. Re1+ Kf8 12. g3 Qh3 13. d5 d6 14. Bg5 Ng4 15. Bxg4 Bxg4 16. Be7+ Kg8 17. Qd3 h6 18. Rab1 b6 19. Rb4 Re8 20. Rf4 Bd7 21. Qf3 f6 22.
Rfe4 Qf5 23. Rf4 Qxc2 24. Qh5 Kh7 25. Rxf6 Rxe7 26. Rxh6+ Kg8 27. Rxh8# 1-0

[Event "Early-Titled-Tuesday-Blitz-January-16-2024"]
[Site "Chess.com"]
[Date "2024.01.16"]
[Round "7"]
[White "Nf3c5"]
[Black "AndresDelgado77"]
[Result "1-0"]
[WhiteElo "2562"]
[BlackElo "2389"]
[TimeControl "180+1"]
[EndTime "9:21:46 PST"]
[Termination "Nf3c5 won on time"]

1. e4 e6 2. d4 d5 3. Nd2 Nc6 4.
Ngf3 Nf6 5. e5 Nd7 6. Be2 f6 7. exf6 Qxf6 8. Nf1 e5 9. dxe5 Ndxe5 10. Ne3 d4 11. Nd5 Qd6 12. c4 dxc3 13. bxc3 Be6 14. c4 Nxf3+ 15. Bxf3 Qe5+ 16. Qe2 O-O-O 17. O-O Qxe2 18.
Bxe2 Nd4 19. Bd3 Bxd5 20. cxd5 Rxd5 21. Bc4 Rc5 22. Bd3 Rc3 23. Rd1 Ba3 24. Be3 Nc6 25. Rab1 Rd8 26. Bxh7 Rxd1+ 27. Rxd1 a6 28. Be4 1-0

[Event "Early-Titled-Tuesday-Blitz-January-16-2024"]
[Site "Chess.com"]
[Date "2024.01.16"]
[Round "7"]
[White "Maftuna2303"]
[Black "UNSTOPPABLE_LEGEND"]
[Result "1-0"]
[WhiteElo "2381"]
[BlackElo "2506"]
[TimeControl "180+1"]
[EndTime "9:21:46 PST"]
[Termination "Maftuna2303 won by resignation"]

1. e4 Nc6 2. d4 e5 3. d5 Nce7 4. c4 Ng6 5. Nc3 Bc5 6. g3 a5 7.
Bg2 h5 8. Nge2 h4 9. h3 hxg3 10.
fxg3 d6 11. Qd3 Nf6 12. Be3 Bxe3 13. Qxe3 Nh7 14. h4 Bg4 15. O-O-O Qe7 16. Rdf1 Nf6 17. Qg5 Rh5 18. Qe3 Bd7 19. Bf3 Rh6 20. h5 Nf8 21. Qg5 Rh7 22. g4 O-O-O 23. Qh4 Ng8 24. Qf2 Qg5+ 25.
Kb1 b6 26. Rhg1 Nf6 27. Qg2 g6 28. hxg6 Nxg6 29. Qf2 Rdh8 30. a3 Rh2 31. Qe1 Qe3 32. g5 Ng8 33. Bg4 Bxg4 34. Rxg4 Qd3+ 35. Ka1 R8h7 36.
Qg3 Qxc4 37. Qf3 N8e7 38. Rgg1 R2h3 39. Qg4+ Kb7 40. Qd7 Re3 41. Rc1 Ka6 42. Na4 Qxe2 43. Rxc7 1-0

[Event "Early-Titled-Tuesday-Blitz-January-16-2024"]
[Site "Chess.com"]
[Date "2024.01.16"]
[Round "7"]
[White "LimeInTheCoconut"]
[Black "Chempiblinka"]
[Result "1-0"]
[WhiteElo "2550"]
[BlackElo "2286"]
[TimeControl "180+1"]
[EndTime "9:21:51 PST"]
[Termination "LimeInTheCoconut won by resignation"]

1. e4 c5 2. Nf3 Nc6 3. c3 Nf6 4. e5 Nd5 5. d4 cxd4 6. cxd4 d6 7. Nc3 Nxc3 8. bxc3 dxe5 9. d5 e4 10. Ng5 Ne5 11.
Qa4+ Bd7 12. Qxe4 Ng6 13. Bc4 Qa5 14. O-O h6 15. Ne6 Bxe6 16. dxe6 O-O-O 17. exf7 Ne5 18. Be6+ Nd7 19. Rb1 Qa6 20. Rd1 g5 21. Bc4 Qc6 22. Qxc6+ bxc6 23. Ba6+ Kc7 24. Rb7+ Kc8 25. Rbxd7+ Kb8 26. Rb7+ Kc8 27. Rxe7+ 1-0

[Event "Early-Titled-Tuesday-Blitz-January-16-2024"]
[Site "Chess.com"]
[Date "2024.01.16"]
[Round "7"]
[White "vi_pranav"]
[Black "AryanTari"]
[Result "0-1"]
[WhiteElo "3034"]
[BlackElo "2937"]
[TimeControl "180+1"]
[EndTime "9:21:54 PST"]
[Termination "AryanTari won by resignation"]

1. e4 e5 2. Nf3 Nc6 3. Bb5 Nge7 4. O-O Ng6 5. d4 exd4 6. Nxd4 Bc5 7. Nb3 Bb6 8. Nc3 O-O 9. a4 a6 10. Be2 d6 11.
Nd5 Ba7 12. Be3 Bxe3 13. Nxe3 Nf4 14. Bf3 Ne5 15. Kh1 Qf6 16. Nd2 Be6 17. b3 c6 18. Ng4 Qg5 19. Nxe5 dxe5 20. g3 Rad8 21. Qe1 Bh3 22. Rg1 Nd3 23. cxd3 Rxd3 24. Be2 Rxd2 25.
f4 Qd8 26. Rd1 Qd4 27. Bf3 Qd3 28. Qe2 Qxe2 29. Bxe2 Rxe2 0-1

[Event "Early-Titled-Tuesday-Blitz-January-16-2024"]
[Site "Chess.com"]
[Date "2024.01.16"]
[Round "7"]
[White "KVAIDAN"]
[Black "jhedigm"]
[Result "0-1"]
[WhiteElo "2407"]
[BlackElo "2585"]
[TimeControl "180+1"]
[EndTime "9:21:54 PST"]
[Termination "jhedigm won by resignation"]

1. f4 Nf6 2. Nf3 g6 3. d3 d5 4.
e3 c5 5. Be2 Nc6 6. O-O Bg7 7. Kh1 O-O 8. a4 b6 9. Ne5 Bb7 10.
Nxc6 Bxc6 11. Qe1 Nd7 12. Qg3 e5 13. f5 e4 14. d4 cxd4 15. exd4 Bxd4 16. Bh6 Re8 17. Nc3 Be5 18. Qh3 d4 19. Nb5 a6 20.
Na3 Nc5 21. Nc4 Bh8 22. Rad1 Bxa4 23. b4 Bxc2 24. Rd2 d3 25. Bg4 Nb3 26. Rdf2 Ra7 27. fxg6 hxg6 28. Be3 Nd4 29. Qh6 Bg7 30. Qh3 Bb3 31.
Nd2 Bd5 32. Bd1 Rc7 33. Qg3 b5 34. Bg5 Qd7 35. Be3 Rc6 36. Qh3 Qxh3 37. gxh3 Nc2 38. Bxc2 Rxc2 39. Bc5 e3+ 40. Nf3 Rxf2 0-1

[Event "Early-Titled-Tuesday-Blitz-January-16-2024"]
[Site "Chess.com"]
[Date "2024.01.16"]
[Round "7"]
[White "noblerone"]
[Black "Zampronha1971"]
[Result "1-0"]
[WhiteElo "2520"]
[BlackElo "2350"]
[TimeControl "180+1"]
[EndTime "9:21:56 PST"]
[Termination "noblerone won by checkmate"]

1. e4 c5 2. Nf3 e6 3. Nc3 Nc6 4. g3 d5 5. Bg2 d4 6. Nb1 e5 7.
d3 Nf6 8. Nbd2 Bd6 9. Nc4 Bc7 10. a4 O-O 11. h3 Be6 12. b3 a6 13. Bg5 h6 14.
Bd2 Qd7 15. Nh4 b5 16. Nb2 Rab8 17. g4 Ne7 18. Nf5 Ng6 19. axb5 axb5 20. Ra7 Ra8 21. Qa1 Qc6 22. Rxa8 Rxa8 23. Qc1 c4 24. Bxh6 gxh6 25. Qxh6 Bxf5 26. gxf5 Nf4 27. Bf3 cxd3 28. Rg1+ Ng6 29. fxg6 Ra1+ 30. Nd1 Qc3+ 31. Kf1 dxc2 32. gxf7+ Kxf7 33.
Rg7+ Ke6 34. Bg4+ Kd6 35. Qxf6+ Kc5 36. Rxc7+ Kb4 37. Qd6+ Kxb3 38. Be6+ Qc4+ 39. Bxc4+ bxc4 40. Qb6+ Ka2 41. Ra7# 1-0

[Event "Early-Titled-Tuesday-Blitz-January-16-2024"]
[Site "Chess.com"]
[Date "2024.01.16"]
[Round "7"]
[White "1mbl4"]
[Black "bubeliang"]
[Result "0-1"]
[WhiteElo "2583"]
[BlackElo "2768"]
[TimeControl "180+1"]
[EndTime "9:21:57 PST"]
[Termination "bubeliang won on time"]

1. d4 b6 2. e4 Bb7 3. Nc3 e6 4.
Bd3 Nf6 5. Nf3 Bb4 6. Qe2 d5 7. e5 Ne4 8. Bd2 Bxc3 9. Bxc3 c5 10. dxc5 Nxc3 11. bxc3 bxc5 12. Rb1 Bc6 13. c4 dxc4 14. Bxc4 Qa5+ 15. Qd2 Qxd2+ 16. Nxd2 Nd7 17. f4 Nb6 18. Bb5 Kd7 19. Ne4 Rhc8 20. Kf2 Ke7 21. Nd6 Rc7 22. Bxc6 Rxc6 23. c4 f6 24. Ke3 Rxd6 25. exd6+ Kxd6 26. Kd3 Kc6 27. Kc3 Re8 28. Rhe1 Re7 29. Rbd1 Kc7 30. Rd3 Nd7 31. Kc2 e5 32. Ra3 Kb7 33. f5 Nb6 34.
Kc3 Rd7 35. Rb3 Rd4 36. Re3 Rxc4+ 0-1

[Event "Early-Titled-Tuesday-Blitz-January-16-2024"]
[Site "Chess.com"]
[Date "2024.01.16"]
[Round "7"]
[White "Sanyura"]
[Black "Phelathegreat"]
[Result "1-0"]
[WhiteElo "2633"]
[BlackElo "2442"]
[TimeControl "180+1"]
[EndTime "9:21:57 PST"]
[Termination "Sanyura won by resignation"]

1. Nf3 Nf6 2. g3 d5 3. Bg2 Bf5 4. O-O e6 5. d3 c6 6. Nbd2 h6 7.
b3 Nbd7 8. Bb2 Be7 9. e4 dxe4 10. dxe4 Bh7 11. Qe2 O-O 12. Rad1 Qc7 13. e5 Nd5 14. c4 Nb4 15. Ne4 Nxa2 16. h4 Nb4 17. h5 c5 18.
Nh4 Nc6 19. Rxd7 Qxd7 20. Nf6+ Bxf6 21. exf6 g5 22. hxg6 fxg6 23. Bxc6 bxc6 24. f7+ Rxf7 25. Qe5 Rg7 26. Kh2 g5 27. Ng2 Rf8 28. Ne3 Bf5 29. Rd1 Qf7 30. Nxf5 exf5 31. Rd6 Kh7 32. Kg2 Rg6 33. Rd2 Re6 34. Qxc5 f4 35. g4 f3+ 36. Kh3 Re1 37. Qd4 Rh1+ 38. Kg3 Qf4+ 39. Qxf4 gxf4+ 40. Kxf3 Rh3+ 41. Ke4 Rxb3 42. Be5 f3 43. Rd7+ Kg8 44. Rg7+ Kh8 45. Rb7+ Kg8 46. Rxb3 1-0

[Event "Early-Titled-Tuesday-Blitz-January-16-2024"]
[Site "Chess.com"]
[Date "2024.01.16"]
[Round "7"]
[White "MikaelyanArman"]
[Black "Makswolf200817"]
[Result "1-0"]
[WhiteElo "2844"]
[BlackElo "2662"]
[TimeControl "180+1"]
[EndTime "9:21:59 PST"]
[Termination "MikaelyanArman won by resignation"]

1. e4 e6 2. Qe2 c5 3. Nc3 Nc6 4.
Nf3 g6 5. g3 Bg7 6. Bg2 Nge7 7.
O-O d6 8. d3 O-O 9. h4 h6 10. Bf4 e5 11. Be3 Bg4 12. Qd2 Kh7 13. Nh2 Be6 14. h5 gxh5 15. f4 exf4 16. gxf4 f5 17.
Rae1 Ng6 18. Kh1 Nd4 19. Ne2 Nxe2 20. Qxe2 h4 21. Qh5 Qd7 22. Bh3 Bxb2 23. Rg1 Ne7 24.
Nf3 Bf6 25. Ng5+ Bxg5 26. fxg5 Ng8 27. gxh6 Rf7 28. Rg7+ Kh8 29. Reg1 Nf6 30. Qg6 fxe4 31. Bg5 Bxh3 32. Bxf6 Bg2+ 33. Kxg2 1-0

[Event "Early-Titled-Tuesday-Blitz-January-16-2024"]
[Site "Chess.com"]
[Date "2024.01.16"]
[Round "7"]
[White "Caroexpert"]
[Black "PavelShkapenko"]
[Result "0-1"]
[WhiteElo "2565"]
[BlackElo "2779"]
[TimeControl "180+1"]
[EndTime "9:21:59 PST"]
[Termination "PavelShkapenko won on time"]

1. d4 d5 2. Nf3 e6 3. Bf4 Nf6 4. e3 Bd6 5. Nbd2 O-O 6. c3 c5 7. Bd3 b6 8. Qe2 Qc7 9. Bxd6 Qxd6 10. Ne5 Nc6 11. f4 Bb7 12. O-O Ne7 13. Qf3 a5 14. Rfe1 Qc7 15. g4 Nd7 16. Qh3 f5 17. Ndf3 Nxe5 18. fxe5 Qd7 19. Kh1 Ng6 20. Rg1 Ba6 21.
Bc2 Be2 22. Ng5 h6 23. Nxe6 fxg4 24. Qh5 Bf3+ 25. Rg2 Qxe6 26. Bxg6 cxd4 27. exd4 g3 0-1

[Event "Early-Titled-Tuesday-Blitz-January-16-2024"]
[Site "Chess.com"]
[Date "2024.01.16"]
[Round "7"]
[White "queen_iryna"]
[Black "FMCarmona"]
[Result "1/2-1/2"]
[WhiteElo "2328"]
[BlackElo "2180"]
[TimeControl "180+1"]
[EndTime "9:21:59 PST"]
[Termination "Game drawn by repetition"]

1. e4 e5 2. Nf3 Nc6 3. Bb5 a6 4. Ba4 Nf6 5. d3 d6 6. Nc3 b5 7. Bb3 Na5 8. Bg5 Be7 9. Bxf6 Bxf6 10. Nd5 O-O 11. c3 Nxb3 12. Nxf6+ gxf6 13. axb3 f5 14. Qe2 Qf6 15. h3 Bb7 16. b4 fxe4 17. dxe4 Qf4 18. Nd2 f5 19. g3 Qg5 20. h4 Qg6 21. h5 Qg5 22. Rh4 Rf7 23. exf5 Qxf5 24. Qg4+ Kh8 25. Qxf5 Rxf5 26. Ke2 Raf8 27. Rh2 h6 28. Rf1 Kg7 29. Re1 Kf6 30. Nf1 Kg5 31. Ne3 R5f7 32.
Rg1 Bf3+ 33. Ke1 Bb7 34. Ke2 Bf3+ 35. Ke1 Bb7 36. Ke2 1/2-1/2

[Event "Early-Titled-Tuesday-Blitz-January-16-2024"]
[Site "Chess.com"]
[Date "2024.01.16"]
[Round "7"]
[White "Zohid6"]
[Black "GMAkobianSTL"]
[Result "1-0"]
[WhiteElo "2825"]
[BlackElo "2700"]
[TimeControl "180+1"]
[EndTime "9:22:00 PST"]
[Termination "Zohid6 won by resignation"]

1. d4 e6 2. e4 d5 3. Nc3 Bb4 4. e5 c5 5. a3 Bxc3+ 6. bxc3 Ne7 7. Qg4 Kf8 8. h4 Qc7 9. Bd2 b6 10. h5 h6 11. Nh3 Ba6 12. Bxa6 Nxa6 13. Nf4 cxd4 14. cxd4 Qxc2 15. Rc1 Qf5 16. Qd1 Qe4+ 17. Be3 Nf5 18. Qa4 Nxe3 19. fxe3 Qxe3+ 20. Ne2 Qd3 21. Rh3 Qe4 22. Qxa6 Kg8 23. Rg3 Kh7 24. Qd3 Rhc8 25. Qxe4+ dxe4 26. Rgc3 Rxc3 27. Rxc3 Kg8 28. Kf2 b5 29. Ke3 a5 30. Rb3 Rb8 31. Nc3 b4 32.
axb4 axb4 33. Nxe4 Ra8 34. Rxb4 Ra3+ 35. Kf4 Rd3 36.
Nd6 Rd2 37. Rb8+ Kh7 38. Nxf7 Rf2+ 39. Ke4 Rxf7 40. d5 exd5+ 41. Kxd5 Rf2 42. e6 Rd2+ 43. Kc6 Rc2+ 44. Kd7 Rd2+ 45. Ke8 Rxg2 46. e7 g5 47. Kd7 Rd2+ 48. Kc6 Rc2+ 49. Kd5 Rd2+ 50. Kc4 1-0

[Event "Early-Titled-Tuesday-Blitz-January-16-2024"]
[Site "Chess.com"]
[Date "2024.01.16"]
[Round "7"]
[White "Martial2008"]
[Black "BelyakovBogdan"]
[Result "1-0"]
[WhiteElo "2736"]
[BlackElo "2498"]
[TimeControl "180+1"]
[EndTime "9:22:00 PST"]
[Termination "Martial2008 won by resignation"]

1. d4 Nf6 2. Nf3 g6 3. Bg5 Bg7 4. Nbd2 d5 5. e3 O-O 6. Be2 Bf5 7.
O-O Nbd7 8. c3 Be4 9. h3 Bxf3 10. Nxf3 c6 11. Bf4 Ne4 12. c4 e6 13. cxd5 exd5 14. Nd2 Nxd2 15. Qxd2 Nf6 16. Bd3 Re8 17. b4 Ne4 18.
Qc2 Qh4 19. Bh2 g5 20. Qe2 f5 21. b5 g4 22. hxg4 fxg4 23. bxc6 bxc6 24. Bf4 Re6 25. g3 Qh5 26. Rac1 Rf8 27. Bxe4 Rxe4 28. Rxc6 Qh3 29. Qb5 Rf5 30. Rc8+ Bf8 31. Qb8 Re6 32. Bd6 Ref6 33. Rxf8+ Rxf8 34. Bxf8 Rxf8 35. Qe5 Rf3 36. Qxd5+ Kg7 37. Qe5+ Kg6 38. Rc1 Rf6 39. Rc8 1-0

[Event "Early-Titled-Tuesday-Blitz-January-16-2024"]
[Site "Chess.com"]
[Date "2024.01.16"]
[Round "7"]
[White "Massakru"]
[Black "marina1994"]
[Result "0-1"]
[WhiteElo "2314"]
[BlackElo "2523"]
[TimeControl "180+1"]
[EndTime "9:22:00 PST"]
[Termination "marina1994 won by resignation"]

1. e4 c5 2. Nf3 d6 3. c3 Nf6 4. h3 g6 5. Bd3 Bg7 6. Bc2 O-O 7. d4 b5 8. O-O Bb7 9. Re1 Nbd7 10. Na3 a6 11. Bg5 h6 12. Bh4 Qc7 13. Rc1 e5 14. d5 c4 15. Bb1 Nc5 16. b4 Ncd7 17. Nc2 a5 18. bxa5 Rxa5 19. Nb4 Rfa8 20. g4 Nc5 21. Qd2 Nfd7 22. Bg3 Na6 23. Nxa6 R5xa6 24. Qb2 Ra5 25. h4 Nc5 26. g5 h5 27. Re2 Bc8 28. Ne1 Bg4 29.
f3 Bd7 30. Bf2 Ra3 31. Nc2 Nd3 32. Nxa3 Nxb2 33. Nxb5 Bxb5 34. Rxb2 Bd7 35. Bc2 Ra3 36.
Be1 Qa7+ 37. Kf1 Rxa2 38. Rcb1 Rxb2 39. Rxb2 Bh3+ 40. Ke2 Qg1 41. Bf2 Qf1+ 42. Ke3 Qc1+ 0-1

[Event "Early-Titled-Tuesday-Blitz-January-16-2024"]
[Site "Chess.com"]
[Date "2024.01.16"]
[Round "7"]
[White "Soledadense88"]
[Black "LoScecco"]
[Result "0-1"]
[WhiteElo "2393"]
[BlackElo "2249"]
[TimeControl "180+1"]
[EndTime "9:22:00 PST"]
[Termination "LoScecco won by resignation"]

1. d4 Nf6 2. Nc3 d5 3. Bf4 g6 4. e3 Bg7 5. h4 a6 6. h5 Nxh5 7. Rxh5 gxh5 8. Qxh5 e6 9. Nf3 Bf6 10. O-O-O c5 11. e4 cxd4 12. Nxd4 Nc6 13. Nxc6 bxc6 14. e5 Be7 15. Kb1 Rb8 16. Be3 Qa5 17. Ne2 c5 18. Nf4 d4 19. Bc1 Bd7 20. Bc4 Qb6 21. Ka1 h6 22. g4 Bg5 23. Nd3 Bxc1 24. Rxc1 Rf8 25. Qxh6 Bb5 26. Bxb5+ Qxb5 27. b3 c4 28. Nb2 c3 29. Nc4 Qb4 30. Nd6+ Kd7 31. Qg5 Qa3 32. Rb1 Rb6 33. Qf4 Rxd6 34. exd6 Qxd6 35. Rd1 Qxf4 0-1

[Event "Early-Titled-Tuesday-Blitz-January-16-2024"]
[Site "Chess.com"]
[Date "2024.01.16"]
[Round "7"]
[White "MyDream003"]
[Black "Msb2"]
[Result "1-0"]
[WhiteElo "2880"]
[BlackElo "3041"]
[TimeControl "180+1"]
[EndTime "9:22:01 PST"]
[Termination "MyDream003 won by checkmate"]

1. e4 e6 2. d4 d5 3. Nd2 c5 4.
Ngf3 Nf6 5. exd5 Nxd5 6. Bb5+ Bd7 7. Bxd7+ Nxd7 8. O-O Be7 9. c4 N5f6 10. b3 cxd4 11. Nxd4 O-O 12. Bb2 a6 13. Qe2 Qc7 14. N2f3 h6 15.
Rfd1 Rfe8 16. Rac1 Rad8 17. h3 Nf8 18. Nc2 Ng6 19.
Rxd8 Rxd8 20. Rd1 Rxd1+ 21. Qxd1 Nd7 22. Ne3 Bf6 23. Bxf6 Nxf6 24. Qd4 Ne7 25. Ne5 Kf8 26. b4 Ke8 27. a4 Nc6 28. Nxc6 Qxc6 29. b5 Qd7 30.
Qb6 Qc8 31. Qd4 Ke7 32. c5 axb5 33. axb5 Qd7 34. Qb4 Ke8 35. c6 bxc6 36. b6 Qb7 37.
Nc4 Qb8 38. b7 Kd7 39. Ne5+ Kc7 40. Qe7+ Kb6 41. Qb4+ Kc7 42. Qe7+ Kb6 43. Qb4+ Ka6 44. Nxc6 Qxb7 45. Qa5# 1-0

[Event "Early-Titled-Tuesday-Blitz-January-16-2024"]
[Site "Chess.com"]
[Date "2024.01.16"]
[Round "7"]
[White "Trojan-Knight"]
[Black "vladislavkovalev"]
[Result "1-0"]
[WhiteElo "2698"]
[BlackElo "2861"]
[TimeControl "180+1"]
[EndTime "9:22:01 PST"]
[Termination "Trojan-Knight won on time"]

1. d4 Nf6 2. c4 e6 3. Nc3 Bb4 4. e3 O-O 5. Ne2 Re8 6. a3 Bf8 7. Ng3 d5 8. cxd5 exd5 9. Bd3 b6 10. O-O c5 11. Nce2 Nc6 12. b3 Bg4 13. h3 Bxe2 14. Bxe2 cxd4 15. Bb5 Re6 16. Bxc6 Rxc6 17. Qxd4 Bc5 18.
Qf4 Bd6 19. Qf3 Be5 20. Rb1 Rc2 21. Qf5 Qc7 22. f4 Bd6 23. Bb2 Be7 24. Be5 Qc8 25. Qd3 g6 26. f5 g5 27. Bxf6 Bxf6 28. Nh5 Be5 29. Qxd5 Qc5 30. Qxa8+ 1-0

[Event "Early-Titled-Tuesday-Blitz-January-16-2024"]
[Site "Chess.com"]
[Date "2024.01.16"]
[Round "7"]
[White "SharapovEvgeny"]
[Black "brm72"]
[Result "1/2-1/2"]
[WhiteElo "2549"]
[BlackElo "2693"]
[TimeControl "180+1"]
[EndTime "9:22:01 PST"]
[Termination "Game drawn by repetition"]

1. e4 c5 2. Nf3 Nc6 3. d4 cxd4 4. Nxd4 Nf6 5. Nc3 e6 6. Ndb5 Bc5 7. Bf4 O-O 8. Bc7 Qe7 9. Bd6 Bxd6 10. Qxd6 Qd8 11. f3 a6 12. Nd4 Qb6 13. Nxc6 dxc6 14. O-O-O Qa5 15. g4 e5 16. Bc4 Re8 17. g5 Nh5 18. g6 Be6 19. gxf7+ Bxf7 20. Bxf7+ Kxf7 21. Qd7+ Re7 22. Qf5+ Nf6 23. Rhg1 g6 24. Qg5 Rd8 25. f4 Rxd1+ 26. Rxd1 Qc5 27. f5 Nh5 28. fxg6+ hxg6 29. Rf1+ Kg7 30. Ne2 Rf7 31. Rg1 Rf6 32. Rd1 Rf7 33. Rg1 Rf6 34. Rd1 Rf7 35. Rg1 1/2-1/2

[Event "Early-Titled-Tuesday-Blitz-January-16-2024"]
[Site "Chess.com"]
[Date "2024.01.16"]
[Round "7"]
[White "garfield_pg"]
[Black "RandomNoob04"]
[Result "0-1"]
[WhiteElo "2421"]
[BlackElo "2586"]
[TimeControl "180+1"]
[EndTime "9:22:01 PST"]
[Termination "RandomNoob04 won on time"]

1. d4 Nf6 2. Bf4 b6 3. Nc3 Bb7 4. f3 e6 5. e4 d5 6. e5 Nfd7 7. h4 a6 8. Nce2 c5 9. c3 Nc6 10. g4 Be7 11. Bg3 b5 12. f4 Qb6 13.
Nf3 h5 14. gxh5 Rxh5 15. Bh3 O-O-O 16. Bg4 Rh7 17. f5 exf5 18. Bxf5 g6 19. Bg4 f5 20.
exf6 Bxf6 21. dxc5 Qxc5 22. Qd3 Re7 23. Bf2 Qc4 24.
Qxc4 dxc4 25. Ng1 Ne5 26. Bh3 Bxh1 27. O-O-O Nd3+ 0-1

[Event "Early-Titled-Tuesday-Blitz-January-16-2024"]
[Site "Chess.com"]
[Date "2024.01.16"]
[Round "7"]
[White "Actuary44"]
[Black "AlexLongson"]
[Result "1-0"]
[WhiteElo "2492"]
[BlackElo "2287"]
[TimeControl "180+1"]
[EndTime "9:22:01 PST"]
[Termination "Actuary44 won on time"]

1. e4 e5 2. Nf3 Nc6 3. Bb5 a6 4. Ba4 Nf6 5. d3 b5 6. Bb3 Be7 7. a4 Rb8 8. axb5 axb5 9. O-O d6 10. h3 O-O 11. Bg5 Be6 12. Nbd2 h6 13. Bh4 Ra8 14. Rxa8 Qxa8 15. Qa1 Qb7 16. Bxe6 fxe6 17. Qa2 Kf7 18. Ra1 Rb8 19. g4 g5 20. Bxg5 hxg5 21. Nxg5+ Kg7 22.
Nxe6+ Kh8 23. Nf3 Nh7 24. Qd5 Nd8 25. Qxb7 Nxb7 26. Nxc7 b4 27. Nd5 Bf8 28. Nxb4 Nc5 29. c3 Nf6 30. Ra7 d5 31. Nxe5 dxe4 32. d4 Ne6 33.
Ra6 Re8 34. Nbc6 Nd5 35. Ng6+ Kg8 36. Nce5 Ndf4 37. Kh2 Nd3 38. Nd7 1-0

[Event "Early-Titled-Tuesday-Blitz-January-16-2024"]
[Site "Chess.com"]
[Date "2024.01.16"]
[Round "7"]
[White "BursaBBSatranc"]
[Black "DvaHrasta"]
[Result "1-0"]
[WhiteElo "2723"]
[BlackElo "2454"]
[TimeControl "180+1"]
[EndTime "9:22:02 PST"]
[Termination "BursaBBSatranc won on time"]

1. d4 Nf6 2. Bf4 d5 3. e3 e6 4. Nf3 Bd6 5. Nbd2 O-O 6. Bd3 b6 7. Qe2 c5 8. c3 a5 9. Bxd6 Qxd6 10. e4 Qd8 11. e5 Nfd7 12. h4 h6 13. Qe3 Ba6 14. Bxa6 Rxa6 15. a3 a4 16. h5 Nc6 17.
g4 f6 18. exf6 Qxf6 19. O-O-O cxd4 20. cxd4 b5 21. Rdg1 b4 22. g5 hxg5 23. Rxg5 bxa3 24. bxa3 Na5 25. Rhg1 Rf7 26. h6 Rc6+ 27. Kd1 Nc4 28.
Nxc4 Rxc4 29. Rxg7+ Rxg7 30. Rxg7+ Kf8 31. Rxd7 Qf5 32.
Nd2 Qc2+ 33. Ke2 Rc3 34. Qf4+ 1-0